 Dungeon Crawl Stone Soup version 0.31-a0-355-g57cb03d3e8 (webtiles) character file.

Game seed: 8210447431488358032

704 spiderkeys the Ruffian (level 7, -2/67 HPs)
             Began as a Troll Shapeshifter on July 25, 2023.
             Slain by a gnoll
             ... wielding a +0 spear
             ... led by a gnoll bouda
              (5 damage)
             ... on level 5 of the Dungeon.
             The game lasted 00:05:31 (3575 turns).

spiderkeys the Ruffian (Troll Shapeshifter)         Turns: 3575, Time: 00:05:31

Health: -2/67      AC:  4    Str: 26    XL:     7   Next: 39%
Magic:  0/6        EV: 10    Int:  4    God:
Gold:   284        SH:  0    Dex: 10    Spells: 6/6 levels left

rFire   . .          .
                       - Unarmed
rCold   . . .        (no shield)
rNeg    . . .        a - +0 animal skin
rPois   .            (helmet currently unavailable)
rElec   .            (cloak currently unavailable)
rCorr   .            (gloves unavailable)
SInv    .            (boots unavailable)
Will    .....        G - amulet of guardian spirit
Stlth   +            (no ring)
HPRegen 1.11/turn    (no ring)
MPRegen 0.10/turn

%: guardian spirit
@: beast-form
A: beast (slay +3), large, unfitting armour, claws 3, regeneration 1, shaggy fur
1, tough skin 1
a: Begin Untransformation


You were on level 5 of the Dungeon.
You were a hulking beast.
You visited 1 branch of the dungeon, and saw 5 of its levels.

You collected 284 gold pieces.


Innate Abilities, Weirdness & Mutations

You are a hulking beast.
Your limbs bulge with bestial killing power. (Slay +3)
You are too large for most types of armour.
You have claws for hands.
Your natural rate of healing is unusually fast.
You are covered in fur. (AC +1)
You have tough skin. (AC +1)


   Skills:
 + Level 3.3 Fighting
 + Level 3.6 Dodging
 + Level 5.0 Unarmed Combat
 + Level 4.5 Shapeshifting


You had 6 spell levels left.
You didn't know any spells.
Your spell library contained the following spells:

 Spells                   Type           Power      Damage    Failure   Level
 Olgreb's Toxic Radiance  Pois           0%         N/A       99%         4
 Discord                  Hex            0%         N/A       100%        8
 Ignition                 Fire           0%         3d3       100%        8

Inventory:

Missiles
 j - 7 boomerangs (quivered)
 l - 29 stones
 p - 9 poisoned darts
Armour
 a - a +0 animal skin (worn)
 r - a +0 robe
   (You took it off Jessica on level 2 of the Dungeon)
 s - a +0 cloak
   (You took it off Crazy Yiuf on level 2 of the Dungeon)
 t - a +0 robe
   (You found it on level 3 of the Dungeon)
 u - a +0 robe
   (You took it off an orc wizard on level 3 of the Dungeon)
 v - a +0 robe
   (You found it on level 3 of the Dungeon)
 w - a +0 animal skin
   (You took it off Robin on level 3 of the Dungeon)
 y - a +0 robe
   (You took it off an orc wizard on level 4 of the Dungeon)
Jewellery
 G - an amulet of guardian spirit (around neck)
   (You found it on level 3 of the Dungeon)
Talismans
 c - a beast talisman
Scrolls
 e - a scroll of fog {unknown}
 g - 2 scrolls of vulnerability {unknown}
 h - 2 scrolls of identify {unknown}
 i - a scroll of poison {unknown}
 m - a scroll of revelation {unknown}
 o - a scroll of brand weapon {unknown}
 q - a scroll of enchant armour {unknown}
Potions
 b - a potion of lignification {!q}
 d - 2 potions of degeneration {unknown}
 f - 3 potions of curing {unknown}
 k - a potion of haste {unknown}
 n - a potion of heal wounds {unknown}
 x - 3 potions of cancellation {unknown}
 z - a potion of brilliance {unknown}
 A - a potion of mutation {unknown}

Dungeon Overview and Level Annotations

Branches:
Dungeon (5/15) Zot: 26439  Temple (0/1) D:5

Altars:

#..# #.#
#######..#####†#
..............# #
#.............# . #.
####.#.##..####..#
#.##.##......##..####..#
#......g..§.............
../...gg..§.?...........
......ghg§§..###.####†..
......g#.....# #.####...
#..g..######.# #.##.....
...#.# #.###>##.##.. ##
#. ###............ #
#..............
#.#####.##[#... #.#
#.#.#...# #.# ..###..#


You could see a gnoll bouda and 6 gnolls.


Message History

You see here a glowing amethyst potion.
You closely miss the quokka.
The quokka bites you but does no damage.
You claw the quokka!
You kill the quokka!
No target in view!
No target in view!
A - a glowing amethyst potion You see here a quokka corpse.
An iguana comes into view.
An iguana is nearby!
The iguana barely misses you.
You claw the iguana! The iguana bites you. 😕 HP[-3]
You take 3 damage, and now have 64/67 hp.
You scratch the iguana. The iguana barely misses you. 😕 HP[+1]
You scratch the iguana. The iguana barely misses you. 😕 HP[+1]
An iguana is nearby!
An iguana is nearby!
You barely miss the iguana. The iguana closely misses you. 😎 HP[+1]
Your hp is fully restored (67).
You claw the iguana!
You kill the iguana!
Your Unarmed Combat skill increases to level 5!
You see here an iguana corpse.
Found a staircase to the Ecumenical Temple.
No target in view!
No target in view!
No target in view!
A gnoll comes into view. It is wielding a +0 flail.
The gnoll moves out of view.
You see here a scroll labelled YCHICHAOCI.
A gnoll is nearby!
A gnoll is nearby!
The gnoll shouts!
You hear a shout! x2
A gnoll bouda comes into view. It is wielding a +0 whip.
A gnoll comes into view. It is wielding a +0 whip.
There is a staircase to the Ecumenical Temple here.
A gnoll comes into view. It is wielding a +0 halberd.
The gnoll shouts!
You hear a shout!
A gnoll comes into view. It is wielding a +0 spear.
The gnoll bouda barks out a call to the hunt!
The gnolls pick up the pace!
A gnoll comes into view. It is wielding a +0 flail.
The gnoll shouts!
The gnoll hits you with a +0 flail. 😕 HP[-3]
You take 3 damage, and now have 64/67 hp.
You barely miss the gnoll.
The gnoll bouda gazes fiercely through you!
You feel your attacks grow feeble. 😕 HP[+1]
You scratch the gnoll. The gnoll barely misses you. 😕 HP[+1]
The gnoll hits you with a +0 flail! The gnoll hits you with a +0 whip.
The gnoll hits you with a +0 halberd! The gnoll hits you with a +0 spear.
The gnoll bouda hits you with a +0 whip!
* * * LOW HITPOINT WARNING * * *
😨 HP[-34] MP[-3]
You take 34 damage, and now have 32/67 hp.
MASSIVE DAMAGE!! (PAUSE)
You lost 3 mp, and now have 3/6 mp.
You scratch the gnoll. The gnoll misses you. The gnoll hits you with a +0 whip.
* * * LOW HITPOINT WARNING * * *
The gnoll misses you.
The gnoll bouda hits you with a +0 whip.
* * * LOW HITPOINT WARNING * * *
😨 HP[-5] MP[-1]
You take 5 damage, and now have 27/67 hp.
You lost 1 mp, and now have 2/6 mp.
Unknown command.
The gnoll closely misses you. The gnoll completely misses you.
The gnoll closely misses you.
A gnoll comes into view. It is wielding a +0 flail.
The gnoll bouda hits you with a +0 whip.
* * * LOW HITPOINT WARNING * * *
The gnoll closely misses you. 😨 HP[-1] MP[-1]
You take 1 damage, and now have 26/67 hp.
You lost 1 mp, and now have 1/6 mp.
You barely miss the gnoll.
Your attacks no longer feel as feeble.
The gnoll hits you with a +0 whip.
* * * LOW HITPOINT WARNING * * *
The gnoll barely misses you. x2; The gnoll hits you with a +0 spear.
* * * LOW HITPOINT WARNING * * *
The gnoll bouda hits you with a +0 whip!
* * * LOW HITPOINT WARNING * * *
😱 HP[-17] MP[-1]
You take 17 damage, and now have 9/67 hp.
MASSIVE DAMAGE!! (PAUSE)
You lost 1 mp, and now have 0/6 mp.
The gnoll bouda attacks as you move away!
The gnoll bouda hits you with a +0 whip.
* * * LOW HITPOINT WARNING * * *
The gnoll attacks as you move away! The gnoll hits you with a +0 spear.
You die...

Skill      XL: |  1  2  3  4  5  6  7 |
---------------+----------------------+-----
Fighting       | 1 2 3 |  3.3
Dodging        | 2 3 |  3.6
Unarmed Combat | 4 5 |  5.0
Shapeshifting  | 4 |  4.5

Action                     |  1- 3 |  4- 6 |  7- 9 || total
---------------------------+-------+-------+-------++-------
  Melee: Unarmed           |    76 |   128 |    40 ||   244
         Punch             |     1 |     3 |     1 ||     5
  Throw: Boomerang         |       |    12 |       ||    12
 Armour: Animal skin       |    29 |    34 |     7 ||    70
  Dodge: Dodged            |    39 |    64 |    22 ||   125

Levels and vault maps discovered:
D:1:      roderic_crossed_star, layout_basic
D:2:      layout_loops_corners, nicolae_ecumenical_snake_handling,
          minmay_misc_feat_four_crosses, st_stairs_9, uniq_jessica,
          uniq_crazy_yiuf_cottage
D:3:      layout_loops_corners, uniq_robin
D:4:      layout_loops_ring
D:5:      layout_loops_ring, cheibrodos_worm_habitat,
          minmay_temple_entry_purple_smoke, serial_glass, glass_columns_b,
          glass_columns_c

Notes
Turn   | Place    | Note
-------+----------+-------------------------------------------
     0 | D:1      | spiderkeys the Troll Shapeshifter began the quest for the
                  | Orb.
     0 | D:1      | Reached XP level 1. HP: 18/18 MP: 0/0
     0 | D:1      | magus.rc [v1.11.3]
   159 | D:1      | Reached skill level 1 in Fighting
   161 | D:1      | Reached XP level 2. HP: 24/27 MP: 1/1
   873 | D:2      | Reached skill level 2 in Dodging
   873 | D:2      | Reached XP level 3. HP: 32/33 MP: 2/2
   875 | D:2      | Found a faded altar of an unknown god.
  1229 | D:2      | Found a runed translucent door.
  1230 | D:2      | Noticed Crazy Yiuf
  1351 | D:2      | Reached XP level 4. HP: 41/41 MP: 3/3
  1501 | D:2      | Noticed Jessica
  1507 | D:2      | Killed Jessica
  1663 | D:2      | Reached skill level 2 in Fighting
  1827 | D:2      | Killed Crazy Yiuf
  1828 | D:2      | Reached XP level 5. HP: 36/49 MP: 4/4
  1996 | D:3      | Reached skill level 4 in Unarmed Combat
  2588 | D:3      | Noticed Robin
  2605 | D:3      | Killed Robin
  2682 | D:3      | Reached XP level 6. HP: 59/59 MP: 5/5
  2873 | D:4      | Reached skill level 3 in Dodging
  2887 | D:4      | You add the spells Olgreb's Toxic Radiance, Ignition and
                  | Discord to your library.
  2987 | D:4      | Reached skill level 4 in Shapeshifting
  3053 | D:4      | Noticed an orc warrior
  3063 | D:4      | Killed an orc warrior
  3064 | D:4      | Reached skill level 3 in Fighting
  3071 | D:4      | Reached XP level 7. HP: 25/67 MP: 1/6
  3482 | D:4      | Identified the +1 leather armour of Objectivity {Harm Str+5
                  | Int+3}
  3495 | D:5      | Entered Level 5 of the Dungeon
  3550 | D:5      | Reached skill level 5 in Unarmed Combat
  3559 | D:5      | Found a staircase to the Ecumenical Temple.
  3574 | D:5      | HP: 9/67 [gnoll bouda/+0 whip (9)]
  3575 | D:5      | HP: 3/67 [gnoll bouda/+0 whip (6)]
  3575 | D:5      | Slain by a gnoll

Vanquished Creatures
  An orc warrior (D:4)
  An ogre (D:4)
  A hound (D:4)
  2 orc priests (D:4)
  Crazy Yiuf (D:2)
  Jessica (D:2)
  4 iguanas
  2 orc wizards
  Robin (D:3)
  8 adders
  A shadow imp (D:4)
  An ufetubus (D:4)
  A worm (D:2)
  3 dart slugs
  11 orcs
  8 ball pythons
  9 bats
  10 endoplasms
  3 giant cockroaches
  12 goblins
  7 hobgoblins
  10 jackals
  7 quokkas
  4 frilled lizards
  5 kobolds
  3 rats
117 creatures vanquished.

Table legend:
 A = Non-vault XP
 B = Vault XP
 C = Vault XP percentage of total XP
 D = Non-vault monster count
 E = Vault monster count
 F = Vault count percentage of total count
                 A         B        C        D         E       F
            +---------+---------+-------+---------+---------+-------
      Total |     849 |     157 |  15.6 |      96 |      21 |  17.9
            +---------+---------+-------+---------+---------+-------
        D:1 |      35 |       0 |   0.0 |      20 |       0 |   0.0
        D:2 |      65 |     119 |  64.7 |      22 |       8 |  26.7
        D:3 |     124 |      38 |  23.5 |      21 |      13 |  38.2
        D:4 |     584 |       0 |   0.0 |      31 |       0 |   0.0
        D:5 |      41 |       0 |   0.0 |       2 |       0 |   0.0
            +---------+---------+-------+---------+---------+-------

Skill      XL: |  1  2  3  4  5  6  7 |
---------------+----------------------+-----
Fighting       | 1 2 3 |  3.3
Dodging        | 2 3 |  3.6
Unarmed Combat | 4 5 |  5.0
Shapeshifting  | 4 |  4.5

Action                     |  1- 3 |  4- 6 |  7- 9 || total
---------------------------+-------+-------+-------++-------
  Melee: Unarmed           |    76 |   128 |    40 ||   244
         Punch             |     1 |     3 |     1 ||     5
  Throw: Boomerang         |       |    12 |       ||    12
 Armour: Animal skin       |    29 |    34 |     7 ||    70
  Dodge: Dodged            |    39 |    64 |    22 ||   125

Illustrated notes

Table legend:
 A = Kills in this place as a percentage of kills in the entire game.
 B = Kills by you in this place as a percentage of kills by you in the entire game.
 C = Kills by friends in this place as a percentage of kills by friends in the entire game.
 D = Other kills in this place as a percentage of other kills in the entire game.
 E = Experience gained in this place as a percentage of experience gained in the entire game.
 F = Experience gained in this place divided by the number of levels of this place that you have seen.
                   A       B       C       D       E      F
               +-------+-------+-------+-------+-------+----------------------
         Total | 100.0 | 100.0 |   N/A |   N/A | 100.0 | 201.2
       Dungeon | 100.0 | 100.0 |   N/A |   N/A | 100.0 | 201.2
               +-------+-------+-------+-------+-------+----------------------

Table legend: (Time is in decaauts)
 A = Elapsed time spent in this place.
 B = Non-inter-level travel time spent in this place.
 C = Inter-level travel time spent in this place.
 D = Time resting spent in this place.
 E = Time spent auto-exploring this place.
 F = Levels seen in this place.
 G = Mean time per level.
                   A        B        C        D        E       F      G
               +--------+--------+--------+--------+--------+-----+--------+
         Total |   3560 |   3437 |    123 |      0 |   2870 |   5 |  712.0 |
       Dungeon |   3560 |   3437 |    123 |      0 |   2870 |   5 |  712.0 |
               +--------+--------+--------+--------+--------+-----+--------+

Top non-repeatable levels by time:
     D:2: 1018 daAuts
     D:3: 925 daAuts
     D:1: 844 daAuts
     D:4: 692 daAuts
     D:5: 78 daAuts
